 Dungeon Sprint DCSS version 0.32-a0-19-g28bc0835a1 (webtiles) character file.

Game seed: 13074631112033573788

369 gruber the Slicer (level 6, -4/32 HPs)
             Began as a Vine Stalker Fighter on Jan 17, 2024.
             Was a High Priest of Uskayaw.
             Slain by a hornet (6 damage)
             ... in the Dungeon (Sprint IX: "|||||||||||||||||||||||||||||").
             The game lasted 00:01:27 (265 turns).

gruber the Slicer (Vine Stalker Fighter)             Turns: 265, Time: 00:01:28

Health: -4/32      AC: 12    Str: 18    XL:     6   Next: 70%
Magic:  0/7        EV:  7    Int: 11    God:    Uskayaw [*****.]
Gold:   0          SH:  5    Dex: 16    Spells: 5/5 levels left

rFire   . . .        a - +0 rapier
rCold   . . .        c - +0 buckler
rNeg    . . .        o - +1 chain mail
rPois   .            (no helmet)
rElec   .            n - +0 cloak
rCorr   .            (no gloves)
SInv    .            (no boots)
Will    .....        (no amulet) Stlth
                     p - +2 ring of protection
HPRegen 1.05/turn    q - +3 ring of intelligence
MPRegen 0.10/turn

%: no teleportation, guardian spirit
@: lethally poisoned (-4 -> -6)
A: fangs 2, regeneration 1, magic shield, antimagic bite, no potion heal 2
a: Renounce Religion, Stomp, Line Pass, Grand Finale


You were in the Dungeon.
You worshipped Uskayaw.
Uskayaw was noncommittal.
You visited 1 branch

Inventory:

Hand Weapons
 a - a +0 rapier (weapon)
Armour
 c - a +0 buckler (worn)
 n - a +0 cloak (worn)
 o - a +1 chain mail (worn)
Jewellery
 p - a +2 ring of protection (left hand)
 q - a +3 ring of intelligence (right hand)
Wands
 l - a wand of roots (10)
Scrolls
 i - 2 scrolls of blinking
 k - 2 scrolls of amnesia
Potions
 d - a potion of might
 e - 5 potions of curing
 f - a potion of haste
 g - 4 potions of magic
 h - a potion of berserk rage
 j - a potion of invisibility


   Skills:
 - Level 2.6 Fighting
 + Level 12.7 Short Blades
 - Level 2.4 Armour
 - Level 2.6 Shields


You had 5 spell levels left.
You didn't know any spells.
Your spell library was empty.

Dungeon Overview and Level Annotations

Branches:
Dungeon (1/1)

Altars:
Cheibriados
Dithmenos
Elyvilon
Fedhas
Gozag
Hepliaklqana
Kikubaaqudgha
Makhleb
Nemelex Xobeh
Okawaru
Qazlal
Ru
Sif Muna
Trog
Uskayaw
Vehumet
Wu Jian
Xom
Yredelemnul
Zin
The Shining One
Jiyva
Lugonu


Innate Abilities, Weirdness & Mutations

You have extremely sharp teeth.
Your natural rate of healing is unusually fast.
When hurt, damage is shared between your health and your magic reserves.
Your bite disrupts and absorbs the magic of your enemies.
Potions cannot restore your health.


Message History

The yak is almost dead.
You hit the yak but do no damage. You bite the yak.
You kill the yak!
Your Short Blades skill increases to level 12!
You hit the hornet but do no damage. Your bite misses the hornet.
The hornet is heavily wounded.
You block the hornet's attack.
You barely miss the hornet. Your bite misses the hornet.
The hornet is heavily wounded.
The hornet stings you but does no damage.
You hit the hornet but do no damage. You bite the hornet, but do no damage.
The hornet is heavily wounded.
You barely miss the hornet. You bite the hornet. You drain its power.
You feel invigorated.
The hornet is severely wounded.
You block the hornet's attack.
You stomp with the beat, sending a shockwave through the revellers around you!
The hornet is almost dead.
You can no longer merge with and destroy a victim.
The hornet stings you!
* * * LOW HITPOINT WARNING * * *
You are lethally poisoned!
You feel yourself slow down. The hornet stings you.
You feel as though you will be slow longer.
You can now merge with and destroy a victim.
Unknown command.
You barely miss the hornet.
The hornet is almost dead.
* * * LOW HITPOINT WARNING * * *
You feel very sick. The hornet closely misses you.
The howler monkey hoots and howls with incredible vigour!
You hear a shout! x2
Unknown command.
You barely miss the hornet. Your bite misses the hornet.
The hornet is almost dead.
You feel yourself speed up.
* * * LOW HITPOINT WARNING * * *
You feel sick. The hornet stings you.
You die... ▓▓▓▓▓▓▓▓▓▓▓▓▓▓▓▓▓▓▓▓▓▓▓▓ +...h{y@)..[..).!'______ ▓▓▓▓▓▓▓▓▓▓▓▓▓▓▓▓▓▓▓▓▓▓▓▓

You could see a hornet and a howler monkey (catching breath).

Vanquished Creatures
  A yak (D)
  A kobold brigand (D)
  A howler monkey (D)
  A hound (D)
  A bombardier beetle (D)
  A sleepcap (D)
  An orc wizard (D)
  An endoplasm (D)
  A giant cockroach (D)
  A hobgoblin (D)
  A jackal (D)
  A quokka (D)
  A frilled lizard (D)
13 creatures vanquished.

Notes
Turn   | Place    | Note
-------+----------+-------------------------------------------
     0 | D        | gruber the Vine Stalker Fighter began the quest for the
                  | Orb.
     0 | D        | Reached XP level 1. HP: 11/11 MP: 2/2
     6 | D        | Reached skill level 2 in Short Blades
     9 | D        | Reached skill level 3 in Short Blades
    33 | D        | Noticed a bombardier beetle
    33 | D        | Noticed a hound
    33 | D        | Noticed an orc wizard
    33 | D        | Noticed a sleepcap
    40 | D        | Killed a sleepcap
    41 | D        | Reached skill level 5 in Short Blades
    41 | D        | Reached XP level 2. HP: 16/16 MP: 3/3
    41 | D        | Reached XP level 3. HP: 19/19 MP: 4/4
    53 | D        | Reached skill level 7 in Short Blades
    53 | D        | Reached XP level 4. HP: 21/23 MP: 3/5
    60 | D        | Reached skill level 8 in Short Blades
    68 | D        | Reached XP level 5. HP: 21/27 MP: 3/6
   124 | D        | Found a snail-covered altar of Cheibriados.
   124 | D        | Found a shadowy altar of Dithmenos.
   124 | D        | Found a white marble altar of Elyvilon.
   124 | D        | Found a blossoming altar of Fedhas.
   124 | D        | Found an opulent altar of Gozag.
   125 | D        | Found a hazy altar of Hepliaklqana.
   126 | D        | Found a viscous altar of Jiyva.
   127 | D        | Found an ancient bone altar of Kikubaaqudgha.
   128 | D        | Found a corrupted altar of Lugonu.
   129 | D        | Found a burning altar of Makhleb.
   130 | D        | Found a sparkling altar of Nemelex Xobeh.
   131 | D        | Found an iron altar of Okawaru.
   132 | D        | Found a stormy altar of Qazlal.
   133 | D        | Found a sacrificial altar of Ru.
   134 | D        | Found a shimmering blue altar of Sif Muna.
   135 | D        | Found a bloodstained altar of Trog.
   136 | D        | Found a hide-covered altar of Uskayaw.
   137 | D        | Found a radiant altar of Vehumet.
   138 | D        | Found an ornate altar of the Wu Jian Council.
   139 | D        | Found a shimmering altar of Xom.
   140 | D        | Found a basalt altar of Yredelemnul.
   141 | D        | Found a glowing silver altar of Zin.
   142 | D        | Found a glowing golden altar of the Shining One.
   144 | D        | Became a worshipper of Uskayaw the Reveller
   151 | D        | Found the +5 glaive of the Guard {elec, spectral}
   232 | D        | Noticed a hornet
   232 | D        | Noticed a yak
   232 | D        | Noticed a kobold brigand
   239 | D        | Reached * piety under Uskayaw
   242 | D        | Reached ** piety under Uskayaw
   243 | D        | Reached skill level 9 in Short Blades
   246 | D        | Reached *** piety under Uskayaw
   247 | D        | Killed a kobold brigand
   248 | D        | Reached skill level 11 in Short Blades
   248 | D        | Reached XP level 6. HP: 28/32 MP: 7/7
   249 | D        | Reached **** piety under Uskayaw
   254 | D        | Reached ***** piety under Uskayaw
   258 | D        | Killed a yak
   259 | D        | Reached skill level 12 in Short Blades
   265 | D        | Slain by a hornet

Illustrated notes

Levels and vault maps discovered:
D:        linesprint [early_d, line_temple, items_1, d_10, items_2, lair_1,
          lair_end, items_3, orc_1, orc_end, items_4, d_15, swamp_1, shoals_1,
          snake_1, spider_1, d_20, vaults_1, items_5, swamp_end, shoals_end,
          snake_end, spider_end, vaults_end, d_27, items_6, zot_1, zot_end,
          crypt_end, forest_end, elf_end, slime_end, tomb_end, abyss_end,
          pan_hell_end]

Skill      XL: |  1  2  3  4  5  6 |
---------------+-------------------+-----
Short Blades   | 5 7 8 11 12 | 12.7
Fighting       | |  2.6
Armour         | |  2.4
Shields        | |  2.6

Action                     |  1- 3 |  4- 6 || total
---------------------------+-------+-------++-------
  Melee: Rapier            |    40 |    43 ||    83
         Bite              |     9 |    17 ||    26
 Invoke: Stomp             |       |     1 ||     1
   Stab: Paralysed         |       |     1 ||     1
 Armour: Scale mail        |    18 |     6 ||    24
         Chain mail        |       |    15 ||    15
  Dodge: Dodged            |    14 |     8 ||    22
  Block: Buckler           |     5 |     6 ||    11

Table legend: (Time is in decaauts)
 A = Elapsed time spent in this place.
 B = Non-inter-level travel time spent in this place.
 C = Inter-level travel time spent in this place.
 D = Time resting spent in this place.
 E = Time spent auto-exploring this place.
 F = Levels seen in this place.
 G = Mean time per level.
                   A        B        C        D        E       F      G
               +--------+--------+--------+--------+--------+-----+--------+
         Total |    254 |    254 |      0 |      0 |     95 |   1 |  254.0 |
       Dungeon |    254 |    254 |      0 |      0 |     95 |   1 |  254.0 |
               +--------+--------+--------+--------+--------+-----+--------+

Top non-repeatable levels by time:
       D: 254 daAuts
